 Dungeon Crawl Stone Soup version 0.30.1-11-g7821555f0a (webtiles) character file.

Game seed: 1571325259986577419

8200 Condegh the Thaumaturge (level 11, 0/75 HPs)
             Began as a Djinni Fire Elementalist on Jan 8, 2024.
             Was an Initiate of Ashenzari.
             Killed from afar by a white imp (10 damage)
             ... with a puff of frost
             ... on level 10 of the Dungeon.
             The game lasted 01:17:06 (11702 turns).

Condegh the Thaumaturge (Djinni Fire Elementalist) Turns: 11702, Time: 01:17:07

Health: 0/75       AC:  3    Str:  5    XL:     11   Next: 51%
Gold:   664        EV: 10    Int: 25    God:    Ashenzari [......] SH: 14 Dex: 13

rFire   + + +        L - +5 hand axe of Ashenzari's Sun {holy, rC+ Will+, Melee, Range} (curse)
rCold   . . .        c - +5 kite shield of Dishonesty {Fly Will+ Str-2 Int+3}
rNeg    . . .        a - +0 robe
rPois   ∞            j - +0 helmet
rElec   .            (no cloak)
rCorr   .            (no gloves)
SInv    .            (boots unavailable)
Will    +++..        n - amulet of the acrobat
Stlth   ++           p - ring of protection from fire
HPRegen 0.32/turn    s - ring of protection from fire
MPRegen 0.00/turn

%: acrobat, infuse magic (-1 HP)
@: flying
A: sickness immunity, fire resistance 2, cold vulnerability 1, float, innate
caster, HP casting, extra vitality 1
a: Renounce Religion, Curse Item, Shatter the Chains


You were on level 10 of the Dungeon.
You worshipped Ashenzari.
Ashenzari was noncommittal.
You visited 2 branches of the dungeon, and saw 11 of its levels.
You also visited: Ossuary.

You collected 694 gold pieces.
You spent 30 gold pieces at shops.

Inventory:

Hand Weapons
 l - a +0 dagger
 t - a +3 short sword
 L - the cursed +5 hand axe of Ashenzari's Sun (weapon) {holy, rC+ Will+, Melee, Range}
   (You found it on level 9 of the Dungeon)

   rC:        It protects you from cold.
   Will:      It increases your willpower.
   It has a curse which improves the following skills: Melee Combat: Short
   Blades, Long Blades, Axes, Maces & Flails, Polearms, Staves and Unarmed
   Combat.
   Ranged Combat: Ranged Weapons and Throwing.
Missiles
 r - a throwing net
Armour
 a - a +0 robe (worn)
 c - the +5 kite shield of Dishonesty (worn) {Fly Will+ Str-2 Int+3}
   (You found it on level 8 of the Dungeon)

   Str:       It affects your strength (-2).
   Int:       It affects your intelligence (+3).
   Fly:       It grants you flight.
   Will:      It increases your willpower.
 j - a +0 helmet (worn)
 m - a +0 helmet
 v - a +2 ring mail of poison resistance
 N - a +1 leather armour of cold resistance
Jewellery
 n - an amulet of the acrobat (around neck)
 p - a ring of protection from fire (left hand)
 s - a ring of protection from fire (right hand)
Wands
 e - a wand of paralysis (10)
 z - a wand of polymorph (6)
 A - a wand of flame (18)
 I - a wand of mindburst (10)
 J - a wand of quicksilver (13)
 K - a wand of iceblast (6)
Scrolls
 b - 3 scrolls of vulnerability {unknown}
 d - a scroll of poison {unknown}
 g - a scroll of fear {unknown}
 i - 3 scrolls of enchant weapon {unknown}
 o - 2 scrolls of fog {unknown}
 u - a scroll of brand weapon {unknown}
 y - a scroll of amnesia {unknown}
 B - a scroll of enchant armour {unknown}
 D - a scroll of acquirement {unknown}
 E - 3 scrolls of magic mapping {unknown}
 H - a scroll of immolation {unknown}
 M - a scroll of teleportation
Potions
 f - 4 potions of might
 h - 2 potions of resistance
 k - 2 potions of berserk rage
 q - 6 potions of curing {unknown}
 w - 7 potions of mutation {unknown}
 x - 5 potions of heal wounds
 C - 3 potions of ambrosia
 F - a potion of cancellation
 G - a potion of haste
 O - a potion of attraction {unknown}


   Skills:
 - Level 5.0 Fighting
 - Level 5.0 Dodging
 - Level 1.5 Stealth
 - Level 5.0 Shields
 * Level 11.8 Spellcasting


You knew the following spells:

 Your Spells              Type           Power      Damage    Failure   Level
a - Foxfire               Conj/Fire      100%       2x1d9     1%          1
b - Scorch                Fire           100%       2d9       1%          2
c - Volatile Blastmotes   Fire/Tloc      100%       2d18      1%          3
d - Inner Flame           Hex/Fire       65%        N/A       1%          3
e - Flame Wave            Conj/Fire      65%        2d15      2%          4
f - Sandblast             Erth           100%       2d20      1%          1
g - Wereblood             Tmut           65%        N/A       1%          2
h - Stone Arrow           Conj/Erth      100%       3d13      1%          3
i - Summon Guardian Gole  Hex/Summ       65%        N/A       1%          3
j - Agony                 Necr           65%        N/A       7%          5
Your spell library was empty.

Dungeon Overview and Level Annotations

Branches:
Dungeon (10/15)            Temple (1/1) D:4         Ossuary (visited)
   Lair: D:8-11         Orc: D:9-12

Altars:
Ashenzari
Cheibriados
Dithmenos
Elyvilon
Fedhas
Gozag
Hepliaklqana
Makhleb
Nemelex Xobeh
Okawaru
Qazlal
Ru
Trog
Uskayaw
Wu Jian
Xom
Yredelemnul
Zin
The Shining One

Shops:
D:9 ?

Portals:
Trove: D:10 (give +2 shadow dragon scales)


Innate Abilities, Weirdness & Mutations

You are immune to sickness and miasma.
You are immune to poison.
Your flesh is very heat resistant. (rF++)
You are vulnerable to cold. (rC-)
You float through the air rather than walking.
You learn spells naturally, not from books.
Your magical power is your life essence.
You have superior vitality. (+4 MHP)


Message History

Aiming: Stone Arrow (safe; 1% risk of failure)
Press: ? - help, Shift-Dir - straight line, f - crimson imp
Aim: a crimson imp (66% to hit)
The stone arrow hits the crimson imp!
You kill the crimson imp!
You block the crimson imp's attack.
The orc wizard gestures at you while chanting.
The magic dart hits you!
The crimson imp hits you but does no damage.
Casting: Stone Arrow (safe; 1% risk of failure)
Confirm with . or Enter, or press ? or * to list all spells.
Aiming: Stone Arrow (safe; 1% risk of failure)
Press: ? - help, Shift-Dir - straight line, f - white imp, p - crimson imp
Aim: a white imp (78% to hit)
The stone arrow hits the crimson imp!!
You kill the crimson imp!
The crimson imp grins evilly.
You block the crimson imp's attack. You block the orc wizard's attack.
Casting: Stone Arrow (safe; 1% risk of failure)
Confirm with . or Enter, or press ? or * to list all spells.
Aiming: Stone Arrow (safe; 1% risk of failure)
Press: ? - help, Shift-Dir - straight line, f - crimson imp, p - white imp
Aim: a crimson imp (66% to hit)
The stone arrow misses the crimson imp.
The crimson imp closely misses you.
The white imp shouts, "Bolt, thou horrid crook-pated mammet!"
The white imp gestures at you. The puff of frost hits you!
* * * LOW HITPOINT WARNING * * *
You block the orc wizard's attack.
Casting: Stone Arrow (safe; 1% risk of failure)
Confirm with . or Enter, or press ? or * to list all spells.
Aiming: Stone Arrow (safe; 1% risk of failure)
Press: ? - help, Shift-Dir - straight line, f/p - crimson imp
Aim: a crimson imp (66% to hit)
The stone arrow misses the crimson imp.
* * * LOW HITPOINT WARNING * * *
The crimson imp closely misses you. You block the crimson imp's attack.
The white imp gestures at you. The puff of frost hits you!
You die...

...... #........## ###..#.......
..#......#...##..####.....<......
.# .....##....#...(##...###......
.#.....# #.........##.#.# #......
.[..... ##............#####......
...... #.........#.#...##.......
.......###.....(..####...........
...............5o## #.>.......#..
...............5@# ##........#...
..............##5###........###..
............###...#......†...# ..
...........# #...#.......)..##..
..........# #...#..............
.<........ #####.......##.....
..##..... ........##.....
.####.... .....##........
....#.... .....##........


You could see an orc wizard, 2 crimson imps and a white imp.

Vanquished Creatures
  Erica (D:8)
  A boulder beetle (D:9)
  A two-headed ogre (D:10)
  Psyche (D:8)
  Prince Ribbit (D:6)
  A wyvern (D:8)
  12 yaks
  A wraith (Ossuary)
  A steam dragon (D:7)
  Menkaure (D:6)
  A water moccasin (D:8)
  3 acid dragons
  An ice beast (D:6)
  2 centaurs
  2 ogres
  A phantom (D:7)
  A kobold brigand (D:8)
  3 bullfrogs
  Blork the orc (D:6)
  2 scorpions (D:7)
  A gnoll sergeant (D:9)
  8 wights
  14 killer bees
  3 howler monkeys
  5 crimson imps (D:10)
  5 hounds
  A gnoll bouda (D:5)
  5 orc priests
  2 sleepcaps
  2 iguanas
  8 orc wizards
  Robin (D:2)
  A mummy (Ossuary)
  18 gnolls
  4 adders
  A shadow imp (D:10)
  2 ufetubi
  A worm (D:2)
  2 dart slugs
  18 orcs
  9 endoplasms
  A giant cockroach (D:3)
  13 goblins
  16 hobgoblins
  2 jackals (D:1)
  9 kobolds
  5 quokkas
  11 ball pythons
  4 bats
  11 frilled lizards
  3 gnoll skeletons (Ossuary)
  5 kobold skeletons (Ossuary)
  17 orc skeletons (Ossuary)
  5 rats
251 creatures vanquished.

Vanquished Creatures (others)
  A sleepcap (D:6)
  332 foxfires
333 creatures vanquished.

Grand Total: 584 creatures vanquished

Notes
Turn   | Place    | Note
-------+----------+-------------------------------------------
     0 | D:1      | Condegh the Djinni Fire Elementalist began the quest for
                  | the Orb.
     0 | D:1      | Condegh set off with the following spells memorised:
                  | Foxfire, Scorch, Volatile Blastmotes, Inner Flame, Flame
                  | Wave.
     0 | D:1      | Reached XP level 1. HP: 15/15 MP: 0/0
   114 | D:1      | Reached XP level 2. HP: 16/22 MP: 0/0
   314 | D:1      | Reached skill level 1 in Fighting
   378 | D:1      | Reached XP level 3. HP: 23/27 MP: 0/0
   378 | D:1      | Learned a level 1 spell: Sandblast
   383 | D:1      | Reached skill level 3 in Spellcasting
  1240 | D:2      | Reached XP level 4. HP: 25/32 MP: 0/0
  1349 | D:2      | Noticed Robin
  1351 | D:2      | Killed Robin
  2259 | D:3      | Reached XP level 5. HP: 34/38 MP: 0/0
  2259 | D:3      | Learned a level 2 spell: Wereblood
  2271 | D:3      | Reached skill level 4 in Spellcasting
  3198 | D:3      | Reached XP level 6. HP: 32/43 MP: 0/0
  3245 | D:4      | Found a staircase to the Ecumenical Temple.
  3271 | Temple   | Entered the Ecumenical Temple
  3770 | D:4      | Reached skill level 5 in Spellcasting
  4188 | D:5      | Entered Level 5 of the Dungeon
  4205 | D:5      | Found a sand-covered staircase.
  4210 | Ossuary  | Entered an ossuary
  4210 | Ossuary  | Noticed a wraith
  4210 | Ossuary  | Noticed a wraith
  4210 | Ossuary  | Noticed a wraith
  4449 | Ossuary  | Noticed a wraith
  4461 | Ossuary  | Killed a wraith
  4462 | Ossuary  | Reached XP level 7. HP: 17/49 MP: 0/0
  4462 | Ossuary  | Learned a level 3 spell: Stone Arrow
  4746 | D:5      | Reached skill level 6 in Spellcasting
  5061 | D:5      | Reached XP level 8. HP: 50/54 MP: 0/0
  5425 | D:5      | Reached skill level 7 in Spellcasting
  5972 | D:6      | Noticed Prince Ribbit
  6500 | D:6      | Killed Prince Ribbit
  6501 | D:6      | Reached skill level 8 in Spellcasting
  6501 | D:6      | Reached XP level 9. HP: 39/59 MP: 0/0
  6501 | D:6      | Learned a level 3 spell: Summon Guardian Golem
  6503 | D:6      | Noticed Menkaure
  6509 | D:6      | Killed Menkaure
  6691 | D:6      | Noticed Blork the orc
  6697 | D:6      | Killed Blork the orc
  7715 | D:7      | Found an ornate altar of the Wu Jian Council.
  7807 | D:7      | Reached skill level 9 in Spellcasting
  8191 | D:7      | Reached skill level 5 in Dodging
  8416 | D:8      | Noticed Psyche
  8419 | D:8      | Killed Psyche
  8420 | D:8      | Reached XP level 10. HP: 61/69 MP: 0/0
  8470 | D:8      | Reached skill level 5 in Fighting
  8494 | D:8      | Identified the +5 kite shield of Dishonesty {Fly Will+
                  | Str-2 Int+3}
  8715 | D:8      | Noticed Erica
  8721 | D:8      | Killed Erica
  8892 | D:8      | Found a sacrificial altar of Ru.
  9119 | D:8      | Reached skill level 10 in Spellcasting
  9151 | D:8      | Found a white marble altar of Elyvilon.
  9182 | D:8      | Found a bloodstained altar of Trog.
  9202 | D:8      | Found a broken altar of Ashenzari.
  9206 | D:8      | Found a sparkling altar of Nemelex Xobeh.
  9210 | D:8      | Became a worshipper of Ashenzari the Shackled
  9639 | D:9      | Noticed a boulder beetle
  9639 | D:9      | Found Pydanle's Magic Scroll Shop.
  9654 | D:9      | Killed a boulder beetle
  9801 | D:9      | Bought a scroll of identify for 30 gold pieces
  9910 | D:9      | Identified the +5 hand axe of War {holy, rC+ Will+}
 10230 | D:9      | Reached XP level 11. HP: 15/75 MP: 0/0
 10230 | D:9      | Learned a level 5 spell: Agony
 10615 | D:9      | Reached skill level 5 in Shields
 10619 | D:9      | Reached skill level 11 in Spellcasting
 11102 | D:10     | Entered Level 10 of the Dungeon
 11466 | D:10     | Noticed a two-headed ogre
 11471 | D:10     | Killed a two-headed ogre
 11536 | D:10     | Found a portal to a secret trove of treasure.
 11689 | D:10     | Identified the ring of Hofiut {+Blink rPois rF+ rCorr}
 11702 | D:10     | Killed from afar by a white imp

Illustrated notes

Levels and vault maps discovered:
D:1:      lightli_arrival_isolated_outpost, layout_basic, minmay_close_crescents
D:2:      layout_loops_ring, serial_forest, infiniplex_forest_lined_4_way,
          infiniplex_forest_zigzag_1, infiniplex_forest_end_2,
          infiniplex_forest_clump_small, infiniplex_forest_lined_3_way,
          bh_walls_and_bars, uniq_robin
D:3:      layout_loops_ring
D:4:      layout_loops_ring, minmay_temple_entry_steel_oval,
          roderic_roman_lattice
D:5:      layout_loops_ring, lightli_ossuary_entry_decrepit_ruins
D:6:      layout_layer_cave, amethyst_killhole, lemuel_flamethrower_2,
          uniq_menkaure, uniq_blork_the_orc, uniq_prince_ribbit1
D:7:      layout_loops_corners, mainiacjoe_overflow_surrounded_room,
          overflow_temple_1_default, grunt_ministairs_11, minmay_door_square,
          kennysheep_small_circle
D:8:      layout_loops_ring, nicolae_ru_the_path_less_chosen,
          mainiacjoe_overflow_two_lobes, grunt_temple_overflow_open,
          uniq_psyche, uniq_erica
D:9:      layout_small_grid, serial_shops, shop
D:10:     layout_cave_pools, enter_trove_1, minmay_strange_pillars, minivault_5,
          nicolae_concentric_dashed_squares_wild, minmay_nine_imps
Temple:   nicolae_temple_superstar

Skill      XL: |  1  2  3  4  5  6  7  8  9 10 11 |
---------------+----------------------------------+-----
Fighting       | 1 2 4 5 |  5.0
Spellcasting   | 3 4 5 6 8 9 10 11 | 11.8
Dodging        | 3 5 |  5.0
Shields        | 4 5 |  5.0
Stealth        | |  1.5

Action                     |  1- 3 |  4- 6 |  7- 9 | 10-12 || total
---------------------------+-------+-------+-------+-------++-------
  Melee: Dagger            |       |     8 |       |       ||     8
         Short sword       |       |     1 |       |       ||     1
         Hand axe          |       |       |       |     1 ||     1
   Cast: Foxfire           |    59 |    23 |    48 |    72 ||   202
         Scorch            |    20 |   111 |    69 |    47 ||   247
         Stone Arrow       |       |       |    39 |    52 ||    91
         Flame Wave        |       |       |       |     6 ||     6
 Invoke: Curse Item        |       |       |       |     1 ||     1
    Use: Scroll            |       |       |     4 |     8 ||    12
 Armour: Robe              |     3 |     2 |     3 |     3 ||    11
  Dodge: Dodged            |     1 |    14 |    24 |    21 ||    60
  Block: Kite shield       |       |       |       |    40 ||    40
